 Dungeon Crawl Stone Soup version 0.22-a0-136-g83a10e5 (webtiles) character file.

18 varam the Firebug (level 2, -1/19 HPs)
             Began as a Demonspawn Fire Elementalist on Feb 3, 2018.
             Slain by a centaur zombie (8 damage)
             ... on level 2 of the Dungeon.
             The game lasted 00:02:29 (803 turns).

varam the Firebug (Demonspawn Fire Elementalist)     Turns: 803, Time: 00:02:30

Health: -1/19      AC:  4    Str:  8    XL:     2   Next: 51%
Magic:  5/5        EV: 12    Int: 16    God:
Gold:   56         SH:  0    Dex: 13    Spells: 4/5 levels left

rFire    . . .     SeeInvis .   d - +0 spear
rCold    . . .     Gourm    .   (no shield)
rNeg     . . .     Faith    .   a - +0 robe
rPois    .         Spirit   .   (no helmet)
rElec    .         Reflect  .   (no cloak)
rCorr    .         Harm     .   (no gloves)
MR       .....                  (no boots)
Stlth    ++........             (no amulet)
HPRegen  0.06/turn              (no ring)
MPRegen  0.09/turn              (no ring)

@: no status effects
A: slimy green scales 1
a: no special abilities


You were on level 2 of the Dungeon.
You were not hungry.

You visited 1 branch of the dungeon, and saw 2 of its levels.

You collected 56 gold pieces.

Inventory:

Hand Weapons
 d - a +0 spear (weapon)
Armour
 a - a +0 robe (worn)
 e - a cursed +0 ring mail
Scrolls
 i - a scroll of remove curse {unknown}
 l - a scroll of teleportation {unknown}
Potions
 g - a potion of mutation {unknown}
 h - a potion of invisibility {unknown}
 j - a potion of curing {unknown}
 k - a potion of brilliance {unknown}
Books
 b - a book of Flames

   Spells                             Type                      Level
   a - Flame Tongue                   Conjuration/Fire             1
   b - Throw Flame                    Conjuration/Fire             2
   c - Conjure Flame                  Conjuration/Fire             3
   d - Inner Flame                    Hexes/Fire                   3
   e - Sticky Flame                   Conjuration/Fire             4
   f - Fireball                       Conjuration/Fire             5
Comestibles
 c - 2 rations
 f - 6 chunks of flesh


   Skills:
 - Level 1.7 Dodging
 - Level 1.7 Stealth
 - Level 2.0 Spellcasting
 * Level 2.2 Conjurations
 + Level 3.0 Fire Magic


You had 4 spell levels left.
You knew the following spells:

 Your Spells              Type           Power        Failure   Level  Hunger
a - Flame Tongue          Conj/Fire      #....        7%          1    #......


Dungeon Overview and Level Annotations

Branches:
Dungeon (2/15)

Altars:


Innate Abilities, Weirdness & Mutations

You are partially covered in slimy green scales. (AC +2)


Message History

You see here a club. x2
You butcher the bat corpse.
f - 6 chunks of flesh (gained 1)
Found a stone staircase leading down.
j - a white potion
k - an orange potion
Found a leather armour.
You see here a leather armour.
l - a scroll labeled VEICAMUVUE You open the door.
There is an open door here.
You open the door.
There is an open door here.
A centaur zombie comes into view.
The centaur zombie moves out of view.
The centaur zombie is too close now for your liking.
You hit the centaur zombie but do no damage.
The centaur zombie hits you! The centaur zombie hits you.
The centaur zombie hits you!
You die...

####.#. #...... #.# #......
#.# #...... ##+## #.#
...... ##...## #.# # #....
##.....## #.# #.##.#.##
##.......## #..
#.......####.........####..
####.....Z@'.........'.....
#....####.........####..
#.#.## ##.......## #..
#.... ##.....## #.# #....
##...## #.# #.##. .
##+########.# #.##.#.
#.##........ #...... #.##.#
####. #...# ###.##.######.


You could see a centaur zombie.

Vanquished Creatures
  2 giant cockroaches (D:1)
  A goblin (D:1)
  3 hobgoblins
  A kobold (D:1)
  A quokka (D:2)
  3 bats
  7 rats
18 creatures vanquished.

Notes
Turn   | Place    | Note
-------+----------+-------------------------------------------
     0 | D:1      | varam the Demonspawn Fire Elementalist began the quest for the Orb.
     0 | D:1      | Reached XP level 1. HP: 13/13 MP: 3/3
   266 | D:1      | Gained mutation: You are partially covered in slimy green scales. (AC +2) [demonic ancestry]
   266 | D:1      | Reached XP level 2. HP: 19/19 MP: 1/5
   556 | D:1      | Reached skill level 2 in Conjurations
   729 | D:2      | Reached skill level 3 in Fire Magic
   803 | D:2      | Slain by a centaur zombie

Vault maps used:
D:1:      erik_arrival_cave_to_civilisation
D:2:      lemuel_crystal_altar, okawaru_altar_gauntlet_db, uniq_natasha,
          uniq_crazy_yiuf_cottage, uniq_robin

Skill      XL: |  1  2 |
---------------+-------+-----
Conjurations   | 2 |  2.2
Fire Magic     | 3 |  3.0
Dodging        | |  1.7
Stealth        | |  1.7
Spellcasting   | |  2.0

Action                   || total
-------------------------++-------
Melee: Spear             ||    57
 Cast: Flame Tongue      ||     6
 Stab: Sleeping          ||     7
Armor: Robe              ||     9
Dodge: Dodged            ||    36

Table legend:
 A = Spawn XP
 B = Non-spawn XP
 C = Spawn XP percentage of total XP
 D = Spawn monster count
 E = Non-spawn monster count
 F = Spawn count percentage of total count
 G = Total turns spent on level
                    A         B        C        D         E        F      G
               +---------+---------+-------+---------+---------+-------+---------
         Total |       0 |      27 |   0.0 |       0 |      18 |   0.0 |   803
               +---------+---------+-------+---------+---------+-------+---------
           D:1 |       0 |      18 |   0.0 |       0 |      13 |   0.0 |   639
           D:2 |       0 |       9 |   0.0 |       0 |       5 |   0.0 |   164
               +---------+---------+-------+---------+---------+-------+---------
